 Dungeon Crawl Stone Soup version 0.17.1-2-g5865329 (webtiles) character file.

408135 hannobal the Impregnable (level 22, -7/170 HPs)
             Began as a Deep Dwarf Berserker on Jan 24, 2016.
             Was a Priest of Trog.
             Mangled by a juggernaut (55 damage)
             ... on level 3 of the Depths on Feb 1, 2016.
             The game lasted 05:58:46 (56203 turns).

hannobal the Impregnable (Deep Dwarf Berserker)    Turns: 56203, Time: 05:58:46

Health: -7/170     AC: 40    Str: 24    XL:     22   Next: 41%
Magic:  23/23      EV: 12    Int:  6    God:    Trog [***...]
Gold:   55         SH:  0    Dex: 10    Spells: 0 memorised, 21 levels left

rFire  + + .     SeeInvis +     a - +6 lajatang (speed)
rCold  + . .     Rnd*Rage +     p - +9 plate armour of the Countless Mice {rF+ Dex-5 SInv}
rNeg   + + +     SustAt   .     (shield currently unavailable)
rPois  +         Gourm    .     Y - +2 hat {MR+}
rElec  .         Spirit   .     x - +2 cloak {rC+}
rCorr  .         Warding  .     I - +1 pair of gloves of Feud {rPois rF+ rN++ Stlth+}
rMut   .         Stasis   .     U - +2 pair of boots
MR     +++++                    g - amulet of faith
Stlth  ..........               m - +3 ring of evasion
                                u - ring "Qaxkic" {+Fly rPois Stlth+}

@: non-regenerating, almost entirely resistant to hostile enchantments,
extremely unstealthy
A: damage resistance, recharge devices, talons 1, slimy green scales 1, berserk
1, blurry vision 3, clumsy 1, deformed body, deterioration 1, dopey 1, frail 2,
low mp 3, negative energy resistance 1, sense surroundings 3, screaming 1, slow
regeneration 3, weak 1
a: Device Recharging, Berserk, Trog's Hand, Burn Spellbooks, Renounce Religion,
Evoke Flight
}: 2/15 runes: decaying, serpentine


You were on level 3 of the Depths.
You worshipped Trog.
Trog was most pleased with you.
You were hungry.

You visited 8 branches of the dungeon, and saw 44 of its levels.
You visited the Abyss 1 time.
You also visited: Ice Cave.

You collected 5427 gold pieces.
You spent 5322 gold pieces at shops.

Inventory:

Hand Weapons
 a - a +6 lajatang of speed (weapon)
 b - a +0 blowgun
 k - the +3 broad axe of Annoyance {elec, rElec}
   (Trog gifted it to you on level 5 of the Lair of Beasts)

   Occasionally, upon striking a foe, it will discharge some electrical energy
   and cause terrible harm.
   It insulates you from electricity.
 w - a +5 antimagic lajatang
Missiles
 e - 13 javelins of returning
 v - 19 javelins of penetration (quivered)
 y - 2 needles of frenzy
 J - 28 curare-tipped needles
 R - 12 needles of confusion
Armour
 n - the +2 pair of gloves "Gefatoped" {rF+ Dex+5}
   (You bought it in a shop on level 1 of the Depths)

   It affects your dexterity (+5).
   It protects you from fire.
 p - the +9 plate armour of the Countless Mice (worn) {rF+ Dex-5 SInv}
   (You bought it in a shop on level 2 of the Vaults)

   It affects your dexterity (-5).
   It protects you from fire.
   It lets you see invisible.
 x - a +2 cloak of cold resistance (worn)
 I - the +1 pair of gloves of Feud (worn) {rPois rF+ rN++ Stlth+}
   (You acquired it on level 13 of the Dungeon)

   It protects you from fire.
   It protects you from poison.
   It greatly protects you from negative energy.
   It makes you more stealthy.
 U - a +2 pair of boots (worn)
 Y - a +2 hat of magic resistance (worn)
Rods
 c - a +0 rod of ignition (9/9)
   (You found it on level 2 of the Swamp)
 d - a +0 iron rod (12/12)
   (You bought it in a shop on level 3 of the Orcish Mines)
Jewellery
 g - an amulet of faith (around neck)
 l - a +3 ring of protection
 m - a +3 ring of evasion (right hand)
 t - an uncursed ring of teleportation
 u - the ring "Qaxkic" (left hand) {+Fly rPois Stlth+}
   (You found it on level 4 of the Dungeon)

   [ring of poison resistance]

   It protects you from poison.
   It lets you fly.
   It makes you more stealthy.
 D - an uncursed amulet of resist mutation
 V - an uncursed amulet of clarity
Wands
 h - a wand of heal wounds (7)
 z - a wand of teleportation (7)
 M - a wand of teleportation (4)
 Q - a wand of digging (9)
Scrolls
 f - a scroll of silence
 i - 7 scrolls of identify
 q - a scroll of blinking
 r - 9 scrolls of remove curse
 E - a scroll of holy word
 F - 3 scrolls of fear
 H - 3 scrolls of recharging
 K - 3 scrolls of magic mapping
 P - 4 scrolls of fog
 S - 10 scrolls of teleportation
Potions
 o - a potion of might
 s - 15 potions of curing
 B - 3 potions of agility
 C - 2 potions of cancellation
 G - 2 potions of resistance
 O - 3 potions of heal wounds
 T - 8 potions of haste
Miscellaneous
 A - a legendary deck of summoning {drawn: 4}
 L - an ornate deck of defence {drawn: 1}
 X - a phial of floods (inert)
 Z - a lamp of fire (inert)
Comestibles
 j - 11 meat rations
 N - 10 bread rations
 W - 6 chunks of flesh


   Skills:
 - Level 16.0 Fighting
 - Level 10.0(11.0) Axes
 - Level 6.9(13.0) Maces & Flails
 - Level 13.8(14.2) Staves
   Level 1.0 Crossbows
 - Level 11.0 Throwing
 + Level 23.9 Armour
 - Level 17.0 Dodging
 - Level 15.0 Evocations


You had 21 spell levels left.
You didn't know any spells.

Dungeon Overview and Level Annotations

Branches:
Dungeon (15/15)            Temple (1/1) D:4            Lair (8/8) D:8
  Swamp (4/4) Lair:5        Snake (4/4) Lair:5        Slime (0/6) Lair:8
    Orc (4/4) D:12            Elf (0/3) Orc:3        Vaults (4/5) D:13
  Crypt (0/3) Vaults:2     Depths (4/5) D:15

Altars:
Ashenzari
Dithmenos
Elyvilon
Fedhas
Gozag
Kikubaaqudgha
Nemelex Xobeh
Sif Muna
Trog
Vehumet
Xom
Yredelemnul
Zin
The Shining One
Beogh
Jiyva

Shops:
D:8 =   Orc:3 }   Orc:4 !*=(   Vaults:1 *:*([   Vaults:2 [   Vaults:4 }
Depths:1 ?}[   Depths:2 !

Portals:
Hell: Depths:1 Depths:2 Depths:3
Abyss: Depths:1 Depths:2
Pandemonium: Depths:3
Ziggurat: Depths:4

Annotations:
D:6 exclusion: upstairs
D:15 exclusions: obsidian statue and orange crystal statue
Lair:8 exclusion: oklob plant
Swamp:3 Lernaean hydra
Orc:4 exclusion: upstairs
Depths:3 5 runed doors


Innate Abilities, Weirdness & Mutations

You are resistant to damage.
You can recharge devices by infusing magical energy.
You resist negative energy.
You passively map a large area around you.
You do not regenerate naturally.
You have sharp toenails.
You are partially covered in slimy green scales (AC +2).
You are weak. (Str -2)
[You tend to lose your temper in combat.]
[Scrolls take you much longer to read.]
[You are clumsy. (Dex -2)]
[Armour fits poorly on your strangely shaped body.]
[Your body sometimes deteriorates upon taking damage.]
[You are dopey. (Int -2)]
[You are very frail (-20% HP).]
[Your magical capacity is extremely low (-30% MP).]
[You occasionally shout uncontrollably at your foes.]


Message History

The juggernaut shouts!
Your skin crawls.
You feel resistant to hostile enchantments.
You are feeling hungry.
The juggernaut hits you!!!
* * * LOW HITPOINT WARNING * * *
You hear a shout!
There is a stone staircase leading down here.
You see here an arrow.
Things that are here:
20 arrows; an uncursed shortbow The sphinx shouts!
The sphinx casts a spell.
You resist with almost no effort.
The sphinx casts a spell.
Something smites you!
* * * LOW HITPOINT WARNING * * *
There is a stone staircase leading up here.
The juggernaut hits you!!!
You die...

##.#######.##### #.#
#.......# ###### #.#
#.#.###.# #..... #.#
#.#...#.# #..... #.#
#.....#.###.....
#.#####.....#.........
#..........##..#######
#######.(((.>...#.....#
#.....@C.###(##.#.∩....
#.....#.H..#.##.#......
#####.#(#.##.##.#......
#....#(#.##....#......
#.####(#.##.##.##.....
#.# #.#.##.##..#...#.
#.# #(#.##.##..##.##.
#.# #.#.##.##...###..
#.# #.#.##.####......


You could see a juggernaut and a sphinx.

Vanquished Creatures
  Sojobo (Depths:3)
  Frederick (Depths:3)
  Saint Roka (Snake:2)
  Nikola (Snake:4)
  the Enchantress (Depths:3)
  2 liches
  An Ice Fiend (IceCv)
  An octopode crusher (Depths:3)
  2 sphinxes (Depths:2)
  Frances (Vaults:3)
  A storm dragon (Depths:2)
  4 tengu reavers
  2 thorn hunters
  Wiglaf (Vaults:3)
  2 azure jellies (Depths:3)
  6 fire giants
  4 frost giants
  7 greater nagas
  8 vault wardens
  A balrug (Depths:3)
  5 deep elf sorcerers
  2 iron dragons (Depths:2)
  2 draconian knights (Vaults:3)
  Louise (Swamp:3)
  3 spriggan defenders (Depths:3)
  6 very ugly things
  17 ironheart preservers
  11 stone giants
  3 large abominations
  The ghost of slayr the Basher, a journeyman MiBe of Trog (Lair:5)
  A vampire knight (Vaults:3)
  A deep elf demonologist (Vaults:1)
  A deep elf annihilator (Vaults:1)
  2 ettins
  5 deep elf death magi
  Snorg (Lair:5)
  9 yaktaur captains
  3 vault guards
  12 ogre magi
  4 merfolk impalers
  2 jiangshi (Depths:2)
  3 small abominations
  8 fire dragons
  10 death oozes
  The ghost of Uhlv the Basher, a journeyman MiBe of Trog (D:11)
  21 hydras
  24 great orbs of eyes
  Harold (Orc:3)
  7 entropy weavers
  4 rakshasas
  19 naga warriors
  13 centaur warriors
  5 spriggan air magi
  4 catoblepae
  2 ice dragons (Depths:2)
  8 anacondas
  A ghost crab (Swamp:3)
  3 death yaks
  The ghost of bollicks1999 the Cleaver, a novice HOFi (D:8)
  8 alligators
  A spriggan berserker (Depths:2)
  7 naga sharpshooters
  5 deep troll shamans
  7 tengu warriors
  3 deep elf knights
  6 deep troll earth magi
  7 shock serpents
  Sonja (D:12)
  2 salamander mystics
  5 iron trolls
  A vampire mage (Depths:2)
  A wretched star (Abyss:1)
  2 hell knights (Depths:4)
  9 skeletal warriors
  An unseen horror (shapeshifter) (Vaults:1)
  5 ice devils (IceCv)
  20 deep trolls
  2 unseen horrors
  3 shambling mangroves
  2 spriggan druids
  4 giant orange brains
  2 flayed ghosts
  6 naga ritualists
  11 swamp dragons
  An obsidian statue (Vaults:1)
  11 ironbrand convokers
  A necromancer (Depths:3)
  12 mana vipers
  4 deep elf conjurers
  10 hill giants
  47 ugly things
  3 orc sorcerers
  A manticore (Lair:8)
  18 orc knights
  A sixfirhy (Depths:3)
  A wolf spider (D:13)
  10 cyclopes
  5 griffons
  11 salamanders
  A tengu skeleton (Vaults:2)
  5 wizards
  9 vault sentinels
  3 hornets
  An eye of devastation (shapeshifter) (Vaults:4)
  2 stone giant skeletons (Vaults:2)
  A guardian serpent (Snake:4)
  19 elephants
  A centaur zombie (D:15)
  Joseph (D:7)
  2 frost giant skeletons (Vaults:2)
  An ice statue (IceCv)
  5 gargoyles
  2 torpor snails (Lair:7)
  9 komodo dragons
  15 naga magi
  30 black mambas
  4 fire drakes
  An efreet (D:13)
  4 anaconda simulacra (IceCv)
  17 spiny frogs
  3 human skeletons (Vaults:2)
  4 kobold demonologists
  3 deep elf priests
  An ancient zyme (Abyss:1)
  5 tengu conjurers
  10 trolls
  29 yaktaurs
  2 jumping spiders
  2 yaktaur skeletons (Vaults:2)
  A queen bee (shapeshifter) (Depths:1)
  3 blue devils (IceCv)
  7 freezing wraiths
  A tengu simulacrum (Vaults:2)
  25 blink frogs
  47 slime creatures
  18 two-headed ogres
  4 bog bodies
  3 boulder beetles
  6 giant leeches
  A troll (shapeshifter) (Vaults:4)
  A trapdoor spider (D:12)
  An ettin skeleton (Vaults:2)
  7 redbacks
  3 air elementals
  9 spriggans
  A hippogriff (shapeshifter) (Depths:2)
  A spriggan (shapeshifter) (Vaults:3)
  Sigmund (D:6)
  2 dire elephant simulacra (IceCv)
  7 deep elf magi
  2 shadows
  84 yaks
  2 golden eyes (shapeshifter)
  A human (D:7)
  2 wraiths
  2 neqoxecs (Abyss:1)
  14 water elementals
  3 wyverns
  8 hippogriffs
  A hog (shapeshifter) (Vaults:4)
  2 basilisks (shapeshifter)
  Grum (D:8)
  36 vampire mosquitoes
  9 basilisks
  2 steam dragons (Lair:8)
  8 wargs
  13 wolves
  12 deep elf fighters
  3 mottled dragons
  A hungry ghost (D:13)
  4 harpy simulacra (IceCv)
  26 swamp worms
  8 insubstantial wisps
  A death yak simulacrum (IceCv)
  45 nagas
  2 hydra simulacra (IceCv)
  3 iron troll simulacra (IceCv)
  19 water moccasins
  A deep troll skeleton (Vaults:2)
  An eye of draining (shapeshifter) (D:14)
  9 porcupines
  5 ettin simulacra
  4 black bears
  13 swamp drakes
  61 ogres
  2 ice beasts
  6 phantoms
  A black bear (shapeshifter) (Vaults:2)
  9 sky beasts
  27 orc warriors
  4 eyes of draining
  17 crocodiles
  12 wasps
  11 boggarts
  A brain worm (shapeshifter) (Vaults:4)
  21 centaurs
  6 big kobolds
  22 giant frogs
  A glowing shapeshifter simulacrum (Vaults:1)
  A scorpion (shapeshifter) (D:15)
  A water moccasin skeleton (D:7)
  A wyvern skeleton (D:9)
  2 human simulacra
  An orc simulacrum (Vaults:2)
  A scorpion (D:9)
  25 killer bees
  6 electric eels
  8 wights
  2 crimson imps
  5 draconian simulacra (IceCv)
  A giant frog zombie (D:12)
  A lava snake (D:14)
  Crazy Yiuf (D:2)
  14 jellies
  30 orc wizards
  5 centaur skeletons
  5 giant frog skeletons
  28 orc priests
  2 hounds
  A spriggan simulacrum (IceCv)
  Natasha (twice) (D:2)
  8 iguanas
  3 troll simulacra (IceCv)
  22 sheep
  16 worker ants
  2 centaur simulacra (IceCv)
  A hound skeleton (D:10)
  Robin (D:2)
  10 adders
  83 river rats
  4 gnolls (D:9)
  A naga simulacrum (IceCv)
  An ogre simulacrum (IceCv)
  3 shadow imps
  11 white imps
  4 ufetubi (IceCv)
  13 oozes
  An adder zombie (D:4)
  2 worms
  2 adder skeletons
  5 giant geckos
  160 orcs
  5 ball pythons
  6 bats
  9 giant cockroaches
  14 hobgoblins
  6 quokkas
  A giant gecko skeleton (D:5)
  4 giant newts
  11 goblins
  6 jackals
  34 kobolds
  A kobold skeleton (D:7)
  A quokka skeleton (D:3)
  6 rats
  4 briar patches
  A crawling corpse (Vaults:1)
  2 fungi
2028 creatures vanquished.

Vanquished Creatures (collateral kills)
  Maud (Lair:7)
  A stone giant (Depths:3)
  A spriggan defender (Vaults:3)
  A vampire knight (Depths:3)
  Nessos (Lair:8)
  An entropy weaver (Depths:3)
  Erica (D:8)
  A hydra (D:8)
  A death yak (Lair:8)
  A tengu warrior (Depths:2)
  A hell knight (Depths:4)
  A griffon (Lair:8)
  A manticore (Lair:8)
  An ugly thing (D:9)
  A black mamba (Lair:7)
  A spiny frog (D:8)
  An efreet (Abyss:1)
  A large abomination (Abyss:1)
  A blink frog (Lair:3)
  A yak (Lair:8)
  2 neqoxecs
  A chaos spawn (Depths:3)
  An orc warrior (Snake:2)
  A starcursed mass (Abyss:1)
  A quasit (Abyss:1)
  A white imp (Abyss:1)
27 creatures vanquished.

Vanquished Creatures (others)
  A tengu reaver (Depths:1)
  A deep elf sorcerer (Vaults:2)
  A vampire knight (Depths:3)
  An ironheart preserver (Vaults:4)
  An ogre mage (Orc:4)
  A hell knight (Depths:4)
  A vault sentinel (Vaults:2)
  A naga mage (Snake:4)
  A blue devil (Depths:3)
  A slime creature (Depths:3)
  A deep elf fighter (Vaults:2)
  2 boggarts
  2 ogres
  2 crimson imps
  A sheep (D:14)
  A goblin (D:2)
  22 fungi
  18 plants
59 creatures vanquished.

Grand Total: 2114 creatures vanquished

Notes
Turn   | Place    | Note
--------------------------------------------------------------
     0 | D:1      | hannobal the Deep Dwarf Berserker began the quest for the Orb.
     0 | D:1      | Reached XP level 1. HP: 20/20 MP: 1/1
   227 | D:1      | Reached XP level 2. HP: 27/27 MP: 2/2
   245 | D:1      | Reached skill level 4 in Axes
   685 | D:1      | Reached XP level 3. HP: 31/33 MP: 3/3
   700 | D:1      | Reached ** piety under Trog
   862 | D:1      | Found a sparkling altar of Nemelex Xobeh.
  1170 | D:2      | Noticed Robin
  1178 | D:2      | Reached skill level 5 in Axes
  1193 | D:2      | Killed Robin
  1262 | D:2      | Found a white marble altar of Elyvilon.
  1304 | D:2      | Reached XP level 4. HP: 33/40 MP: 4/4
  1408 | D:2      | Noticed Natasha
  1414 | D:2      | Killed Natasha
  1523 | D:2      | Noticed Natasha
  1531 | D:2      | Killed Natasha
  1762 | D:2      | Noticed Crazy Yiuf
  1764 | D:2      | Paralysed by Crazy Yiuf for 6 turns
  1771 | D:2      | Killed Crazy Yiuf
  1771 | D:2      | Reached skill level 1 in Maces & Flails
  1771 | D:2      | Reached XP level 5. HP: 37/46 MP: 5/5
  1984 | D:3      | Noticed a centaur
  1992 | D:3      | Killed a centaur
  2956 | D:4      | Found a shadowy altar of Dithmenos.
  2967 | D:4      | Reached XP level 6. HP: 41/55 MP: 6/6
  2971 | D:4      | Reached *** piety under Trog
  3264 | D:4      | Got a vibrating jade ring
  3266 | D:4      | Identified the ring "Qaxkic" {+Fly rPois Stlth+} (You found it on level 4 of the Dungeon)
  3294 | D:4      | Found a staircase to the Ecumenical Temple.
  3435 | D:4      | Reached skill level 5 in Maces & Flails
  3567 | D:4      | Found a blossoming altar of Fedhas.
  3646 | D:4      | Found an ancient bone altar of Kikubaaqudgha.
  3749 | D:4      | Noticed a phantom
  3783 | D:4      | Killed a phantom
  3783 | D:4      | Reached XP level 7. HP: 39/61 MP: 7/7
  3840 | Temple   | Entered the Ecumenical Temple
  3858 | D:5      | Entered Level 5 of the Dungeon
  3866 | D:5      | Reached skill level 6 in Maces & Flails
  4222 | D:5      | Found a deep blue altar of Sif Muna.
  4223 | D:5      | Found a glowing silver altar of Zin.
  4441 | D:5      | Reached skill level 1 in Staves
  5064 | D:5      | Reached XP level 8. HP: 36/68 MP: 8/8
  5161 | D:5      | Reached skill level 5 in Staves
  5210 | D:6      | Noticed Sigmund
  5219 | D:6      | Killed Sigmund
  5431 | D:6      | Reached **** piety under Trog
  5435 | D:6      | Reached skill level 7 in Staves
  5582 | D:6      | Gained mutation: You passively map the area around you. [Deep Dwarf growth]
  5582 | D:6      | Reached XP level 9. HP: 43/74 MP: 9/9
  5628 | D:6      | Found a radiant altar of Vehumet.
  6013 | D:7      | Reached skill level 8 in Staves
  6166 | D:7      | Found a runed door.
  6170 | D:7      | Found a basalt altar of Yredelemnul.
  6187 | D:7      | Reached skill level 5 in Fighting
  6485 | D:7      | Reached skill level 9 in Staves
  6490 | D:7      | Received a gift from Trog
  6596 | D:7      | Reached XP level 10. HP: 68/88 MP: 10/10
  6774 | D:7      | Noticed Joseph
  6794 | D:7      | Killed Joseph
  7040 | D:8      | Noticed Grum
  7053 | D:8      | Killed Grum
  7053 | D:8      | Reached skill level 10 in Staves
  7164 | D:8      | Noticed bollicks1999's ghost (novice HOFi)
  7183 | D:8      | Killed bollicks1999's ghost
  7253 | D:8      | Reached skill level 1 in Evocations
  7387 | D:8      | Found Qixt's Jewellery Emporium.
  7438 | D:8      | Gained mutation: You are agile. (Dex +2) [potion of mutation]
  7438 | D:8      | Gained mutation: [You tend to lose your temper in combat.] [potion of mutation]
  7438 | D:8      | Gained mutation: You have very sharp teeth. [potion of mutation]
  7451 | D:8      | Found a staircase to the Lair.
  7774 | Lair:1   | Entered Level 1 of the Lair of Beasts
  7779 | Lair:1   | Reached skill level 5 in Armour
  7814 | Lair:1   | Noticed a black mamba
  7819 | Lair:1   | Killed a black mamba
  8013 | Lair:1   | Reached XP level 11. HP: 57/94 MP: 12/12
  8103 | Lair:1   | Noticed a five-headed hydra
  8107 | Lair:1   | Noticed Erica
  8160 | D:8      | Killed a five-headed hydra
  8162 | D:8      | Killed Erica
  8655 | Lair:1   | Reached skill level 10 in Armour
  9214 | Lair:2   | Reached skill level 11 in Staves
 10033 | Lair:3   | Noticed a catoblepas
 10051 | Lair:3   | Killed a catoblepas
 10426 | Lair:3   | Reached XP level 12. HP: 91/109 MP: 13/13
 10432 | Lair:3   | Reached skill level 12 in Staves
 10534 | Lair:3   | Reached skill level 1 in Crossbows
 10853 | Lair:4   | Noticed a seven-headed hydra
 11961 | Lair:4   | Reached skill level 13 in Staves
 12330 | Lair:5   | Found a staircase to the Swamp.
 12377 | Lair:5   | Found a staircase to the Snake Pit.
 12465 | Lair:5   | Noticed slayr's ghost (journeyman MiBe)
 12484 | Lair:5   | Killed slayr's ghost
 12587 | Lair:5   | Noticed a six-headed hydra
 12659 | Lair:5   | Reached ***** piety under Trog
 12783 | Lair:5   | Received a gift from Trog
 12784 | Lair:5   | Got a scorched broad axe {god gift}
 12785 | Lair:5   | Identified the +3 broad axe of Annoyance {elec, rElec} (Trog gifted it to you on level 5 of the Lair of Beasts)
 13436 | Lair:6   | Lost mutation: You are agile. (Dex +2) [potion of cure mutation]
 13436 | Lair:6   | Lost mutation: [You tend to lose your temper in combat.] [potion of cure mutation]
 13436 | Lair:6   | Lost mutation: You have very sharp teeth. [potion of cure mutation]
 13489 | Lair:6   | Noticed Snorg
 13501 | Lair:5   | Killed Snorg
 13550 | Lair:6   | Reached skill level 5 in Dodging
 13783 | Lair:6   | Reached XP level 13. HP: 93/117 MP: 14/14
 14373 | Lair:7   | Noticed Maud
 14390 | Lair:7   | Killed Maud
 14958 | Lair:6   | Received a gift from Trog
 15329 | Lair:7   | Received a gift from Trog
 15330 | Lair:7   | Got a steaming war axe {god gift}
 15331 | Lair:7   | Identified the +0 war axe "Hotistip" {chop, Str+4} (Trog gifted it to you on level 7 of the Lair of Beasts)
 15613 | Lair:8   | Entered Level 8 of the Lair of Beasts
 15902 | Lair:8   | Reached skill level 14 in Armour
 16213 | Lair:8   | Gained mutation: You resist negative energy. [Deep Dwarf growth]
 16213 | Lair:8   | Reached XP level 14. HP: 79/129 MP: 15/15
 16578 | Lair:8   | Noticed Nessos
 16586 | Lair:8   | Killed Nessos
 16589 | Lair:8   | Reached skill level 10 in Fighting
 18178 | D:9      | Found a glowing golden altar of the Shining One.
 18380 | D:9      | Received a gift from Trog
 18476 | D:10     | Entered Level 10 of the Dungeon
 19354 | D:11     | Received a gift from Trog
 19362 | D:11     | Noticed Uhlv's ghost (journeyman MiBe)
 19425 | D:11     | Killed Uhlv's ghost
 19575 | D:11     | Reached XP level 15. HP: 147/147 MP: 10/16
 20303 | D:12     | Noticed Sonja
 20310 | D:12     | Killed Sonja
 20433 | D:12     | Found a staircase to the Orcish Mines.
 20524 | D:12     | Received a gift from Trog
 20524 | D:12     | Reached skill level 1 in Throwing
 21354 | Orc:1    | Entered Level 1 of the Orcish Mines
 21687 | Orc:1    | Found a roughly hewn altar of Beogh.
 22442 | Orc:3    | Noticed Harold
 22457 | Orc:3    | Killed Harold
 22530 | Orc:3    | Found Kyank's Gadget Boutique.
 22681 | Orc:2    | Received a gift from Trog
 22786 | Orc:3    | Found a staircase to the Elven Halls.
 23207 | Orc:4    | Entered Level 4 of the Orcish Mines
 23218 | Orc:4    | Reached ****** piety under Trog
 23698 | Orc:4    | Found Qemizoed's Antique Weapon Boutique.
 23797 | Orc:4    | Reached skill level 5 in Throwing
 23870 | Orc:4    | Reached skill level 10 in Dodging
 23928 | Orc:4    | Received a gift from Trog
 23937 | Orc:4    | Found Hoselyg's Jewellery Shop.
 23949 | Orc:4    | Found Jauqiupn's General Store.
 23985 | Orc:4    | Found Kuimufub's Distillery.
 23989 | Orc:4    | Bought a scroll of remove curse for 39 gold pieces
 24401 | Orc:4    | Bought a phial of floods for 520 gold pieces
 24449 | Orc:3    | Bought a lamp of fire for 600 gold pieces
 24449 | Orc:3    | Bought a +0 iron rod (12/12) for 1275 gold pieces
 24636 | Orc:3    | Bought a wand of teleportation (7) for 495 gold pieces
 25229 | D:13     | Received a gift from Trog
 25349 | D:13     | Reached skill level 5 in Evocations
 25780 | D:13     | Identified a scroll of acquirement
 25782 | D:13     | Got a pair of bloodstained gloves
 25788 | D:13     | Identified the +1 pair of gloves of Feud {rPois rF+ rN++ Stlth+} (You acquired it on level 13 of the Dungeon)
 25816 | D:13     | Received a gift from Trog
 26109 | D:13     | Found a gate to the Vaults.
 26237 | D:14     | Reached skill level 10 in Evocations
 27000 | D:14     | Reached XP level 16. HP: 108/156 MP: 23/23
 27028 | D:14     | Received a gift from Trog
 27387 | D:15     | Entered Level 15 of the Dungeon
 27474 | D:15     | Found a staircase to the Depths.
 27884 | D:15     | Reached skill level 15 in Armour
 28057 | D:15     | Got a crude short sword {freeze}
 28058 | D:15     | Identified the +5 short sword of Risk Management {freeze, SInv} (You took it off a skeletal warrior on level 15 of the Dungeon)
 28663 | Orc:4    | Bought a smoking hand axe for 168 gold pieces
 28663 | Orc:4    | Identified the cursed +1 hand axe "Kyblu" {chop, rC- Str+3 Dex+4} (You bought it in a shop on level 4 of the Orcish Mines)
 28932 | Lair:5   | Killed a two-headed hydra
 28955 | Swamp:1  | Entered Level 1 of the Swamp
 29520 | Swamp:1  | Received a gift from Trog
 29997 | Swamp:2  | Identified a +0 rod of ignition (9/9) (You found it on level 2 of the Swamp)
 30045 | Swamp:2  | Received a gift from Trog
 30336 | Swamp:2  | Gained mutation: You have sharp toenails. [potion of beneficial mutation]
 30946 | Swamp:3  | Reached skill level 16 in Armour
 31439 | Swamp:3  | Received a gift from Trog
 31489 | Swamp:3  | Noticed Louise
 31501 | Swamp:3  | Killed Louise
 31929 | Swamp:4  | Entered Level 4 of the Swamp
 32240 | Swamp:4  | Reached XP level 17. HP: 137/166 MP: 26/26
 32591 | Swamp:4  | Received a gift from Trog
 32646 | Swamp:4  | Noticed the 27-headed Lernaean hydra
 33779 | Swamp:4  | Got a decaying rune of Zot
 34210 | Lair:3   | Killed a two-headed hydra
 34346 | Snake:1  | Entered Level 1 of the Snake Pit
 34367 | Snake:1  | Received a gift from Trog
 36137 | Snake:2  | Noticed Saint Roka
 36171 | Snake:2  | Killed Saint Roka
 36182 | Snake:2  | Received a gift from Trog
 37014 | Snake:3  | Reached skill level 10 in Axes
 37453 | Snake:3  | Gained mutation: You passively map a large area around you. [Deep Dwarf growth]
 37453 | Snake:3  | Reached XP level 18. HP: 175/175 MP: 18/27
 37568 | Snake:3  | Found a white marble altar of Elyvilon.
 37641 | Snake:3  | Reached skill level 17 in Armour
 37649 | Snake:3  | Received a gift from Trog
 37841 | Snake:3  | Received a gift from Trog
 38026 | Snake:4  | Entered Level 4 of the Snake Pit
 38068 | Snake:4  | Found a frozen archway.
 38100 | IceCv    | Entered an ice cave
 38496 | IceCv    | Got a polished ring mail
 38497 | IceCv    | Identified the cursed +0 ring mail of the Farrier {rPois MR+} (You found it in an ice cave)
 38678 | IceCv    | Received a gift from Trog
 39473 | Snake:4  | Noticed Nikola
 39489 | Snake:4  | Killed Nikola
 39719 | Snake:4  | Reached skill level 18 in Armour
 40400 | Snake:4  | Received a gift from Trog
 40615 | Snake:4  | Got a serpentine rune of Zot
 41143 | Orc:4    | Bought a potion of agility for 64 gold pieces
 41143 | Orc:4    | Bought 2 potions of resistance for 320 gold pieces
 41143 | Orc:4    | Bought a potion of curing for 48 gold pieces
 41143 | Orc:4    | Bought a potion of cancellation for 128 gold pieces
 41143 | Orc:4    | Bought 3 potions of curing for 144 gold pieces
 41143 | Orc:4    | Bought a potion of heal wounds for 80 gold pieces
 41287 | Vaults:1 | Entered Level 1 of the Vaults
 41480 | Vaults:1 | Found Xeanexat's Antique Weapon Emporium.
 41492 | Vaults:1 | Gained mutation: You are partially covered in slimy green scales (AC +2). [potion of beneficial mutation]
 41494 | Vaults:1 | Found Zeosmeziv's Assorted Antiques.
 41518 | Vaults:1 | Bought a jade ring for 175 gold pieces
 41548 | Vaults:1 | Reached skill level 19 in Armour
 41826 | Vaults:1 | Received a gift from Trog
 41953 | Vaults:1 | Reached XP level 19. HP: 150/182 MP: 28/28
 42020 | Vaults:1 | Found Ussar's Book Boutique.
 42178 | Vaults:1 | Found Jasoggod's Assorted Antiques.
 42283 | Vaults:1 | Received a gift from Trog
 42532 | Vaults:1 | Received a gift from Trog
 42588 | Vaults:1 | Reached skill level 20 in Armour
 42975 | Vaults:1 | Found Oquff's Armour Boutique.
 43358 | Vaults:2 | Found a staircase to the Crypt.
 43520 | Vaults:2 | Received a gift from Trog
 43597 | Vaults:2 | Found Cidiotol's Antique Armour Boutique.
 43761 | Vaults:2 | Reached skill level 15 in Dodging
 44104 | Vaults:2 | Received a gift from Trog
 44256 | Vaults:2 | Found a roughly hewn altar of Beogh.
 45219 | Vaults:2 | Received a gift from Trog
 45448 | Vaults:3 | Received a gift from Trog
 45599 | Vaults:3 | Reached skill level 15 in Evocations
 45668 | Vaults:3 | Got a steaming shortbow
 45669 | Vaults:3 | Identified the cursed +0 shortbow of Animal Spirits {freeze, *Confuse rPois MR+ Dex+2} (You found it on level 3 of the Vaults)
 45871 | Vaults:3 | Reached XP level 20. HP: 164/192 MP: 31/31
 45939 | Vaults:3 | Received a gift from Trog
 46666 | Vaults:3 | Reached skill level 15 in Fighting
 46790 | Vaults:3 | Noticed Wiglaf
 46792 | Vaults:3 | Noticed Frances
 46802 | Vaults:3 | Received a gift from Trog
 46819 | Vaults:3 | Killed Frances
 46836 | Vaults:3 | Killed Wiglaf
 47325 | Vaults:2 | Bought an ichor-stained plate armour for 924 gold pieces
 47327 | Vaults:2 | Identified the +9 plate armour of the Countless Mice {rF+ Dex-5 SInv} (You bought it in a shop on level 2 of the Vaults)
 47822 | Vaults:3 | Received a gift from Trog
 47896 | Vaults:4 | Reached skill level 21 in Armour
 48643 | Vaults:4 | Received a gift from Trog
 48762 | Vaults:4 | Found Virepiw's Gadget Shop.
 48893 | Vaults:4 | Received a gift from Trog
 49452 | Depths:1 | Entered Level 1 of the Depths
 49622 | Depths:1 | Found Quag's Magic Scroll Shoppe.
 49843 | Depths:1 | Found a gateway to Hell.
 49925 | Depths:1 | Received a gift from Trog
 50155 | D:15     | Reached skill level 10 in Throwing
 50350 | Depths:1 | Found Oxuytaqu's Gadget Shoppe.
 50397 | Depths:1 | Found Nazeykh's Antique Armour Shoppe.
 50434 | Depths:1 | Reached XP level 21. HP: 151/201 MP: 32/32
 50540 | Depths:1 | Found a one-way gate to the infinite horrors of the Abyss.
 50808 | Depths:1 | Found a radiant altar of Vehumet.
 50837 | Depths:1 | Got a scorched hat
 50838 | Depths:1 | Identified the cursed +0 hat of Oxtuat {rC+} (You found it on level 1 of the Depths)
 50848 | Depths:1 | Received a gift from Trog
 51050 | Depths:1 | Got a distressingly furry robe
 51051 | Depths:1 | Identified the cursed +1 robe "Viliz" {Dex+2} (You found it on level 1 of the Depths)
 51206 | Depths:1 | Got a polished hat
 51217 | Depths:1 | Identified the +1 hat of the Meadowlark {rElec Int+3 Slay-4} (You found it on level 1 of the Depths)
 51968 | Depths:2 | Received a gift from Trog
 52070 | Depths:2 | Found Icassay's Distillery.
 52400 | Depths:1 | Received a gift from Trog
 52799 | Depths:2 | Reached skill level 22 in Armour
 52938 | Depths:1 | Bought a pair of transparent gloves for 342 gold pieces
 52948 | Depths:1 | Identified the +2 pair of gloves "Gefatoped" {rF+ Dex+5} (You bought it in a shop on level 1 of the Depths)
 53276 | Depths:2 | Got a brightly glowing plate armour
 53287 | Depths:2 | Identified the +10 plate armour "Cinn" {-Tele MP+9 Str+2 Int+6} (You found it on level 2 of the Depths)
 53300 | Depths:2 | Identified the Tome of Feathery Attacks
 53522 | Depths:3 | Noticed Frederick
 53538 | Depths:3 | Killed Frederick
 53761 | Depths:3 | Found a large runed door.
 53761 | Depths:3 | Noticed a juggernaut
 53762 | Depths:3 | Noticed a juggernaut
 53867 | Depths:3 | Found a large runed door.
 53878 | Depths:3 | Found a shimmering altar of Xom.
 54134 | Depths:3 | Noticed the Enchantress
 54192 | Depths:3 | Killed the Enchantress
 54199 | Depths:3 | Got a faerie dragon armour
 54231 | Depths:3 | Reached XP level 22. HP: 134/213 MP: 33/33
 54312 | Depths:3 | Identified the +2 faerie dragon armour {rPois} (You took it off the Enchantress on level 3 of the Depths)
 54418 | Depths:3 | Found a one-way gate leading to the halls of Pandemonium.
 54479 | Depths:3 | Reached skill level 23 in Armour
 54516 | Depths:3 | Received a gift from Trog
 54528 | Depths:3 | Found a viscous altar of Jiyva.
 54705 | Depths:3 | Noticed Sojobo
 55090 | Depths:3 | Killed Sojobo
 55114 | Depths:3 | Found a large runed door.
 55116 | Depths:3 | Found a large runed door.
 55219 | Depths:3 | Found a large runed door.
 55223 | Depths:3 | Found a large runed door.
 55369 | Depths:3 | Found a large runed door.
 55672 | Depths:4 | Noticed an ancient lich
 55678 | Depths:4 | Cast into the Abyss (hell knight)
 55679 | Abyss:1  | Found a corrupted altar of Lugonu.
 55719 | Abyss:1  | Found a corrupted altar of Lugonu.
 55828 | Abyss:1  | Gained mutation: You are weak. (Str -2) [a neqoxec]
 55850 | Abyss:1  | Paralysed by accursed screaming for 1 turns
 55860 | Depths:4 | Escaped the Abyss
 55868 | Depths:4 | Found a gateway to a ziggurat.
 56203 | Depths:3 | Mangled by a juggernaut

Action                   |  1- 3 |  4- 6 |  7- 9 | 10-12 | 13-15 | 16-18 | 19-21 | 22-24 || total
-------------------------+-------+-------+-------+-------+-------+-------+-------+-------++-------
Melee: Hand axe          |   137 |    24 |       |       |       |       |       |       ||   161
       Whip              |       |   204 |    24 |       |       |       |       |       ||   228
       Lajatang          |       |       |   375 |   522 |  1956 |  2410 |  3115 |   330 ||  8708
       Morningstar       |       |       |       |   268 |       |       |       |       ||   268
       Quarterstaff      |       |       |       |       |    29 |       |       |       ||    29
       War axe           |       |       |       |       |     5 |   139 |       |       ||   144
       Broad axe         |       |       |       |       |     2 |    67 |    20 |       ||    89
 Fire: Arbalest          |       |       |       |    44 |    24 |       |       |       ||    68
       Blowgun           |       |       |       |       |    13 |     6 |    14 |    23 ||    56
Throw: Stone             |     5 |     7 |       |       |       |       |       |       ||    12
       Tomahawk          |       |     4 |    13 |    36 |     5 |       |       |       ||    58
       Throwing net      |       |       |       |     2 |     2 |       |       |       ||     4
       Javelin           |       |       |       |       |    19 |    60 |    48 |     8 ||   135
Invok: Trog's Hand       |     1 |     8 |    17 |    31 |    46 |    86 |    96 |    23 ||   308
       Berserk           |       |     3 |     1 |     9 |    28 |    29 |    26 |     5 ||   101
       Burn Spellbooks   |       |       |       |     3 |     2 |       |     3 |     1 ||     9
       Brothers in Arms  |       |       |       |     2 |     4 |     1 |     1 |       ||     8
 Abil: Evoke Flight      |       |       |       |       |       |     5 |       |       ||     5
Evoke: Wand              |       |       |       |    20 |     2 |       |       |     2 ||    24
       Deck              |       |       |       |       |     1 |       |     1 |     3 ||     5
       Rod               |       |       |       |       |       |     2 |       |     1 ||     3
       Lamp of fire      |       |       |       |       |       |     1 |     2 |     1 ||     4
       Phial of floods   |       |       |       |       |       |       |       |     1 ||     1
  Use: Potion            |     5 |     2 |     1 |    10 |     4 |     4 |     1 |     1 ||    28
       Scroll            |     3 |     4 |     8 |    17 |    17 |    19 |    15 |     3 ||    86
 Stab: Sleeping          |       |     1 |     1 |       |       |       |       |       ||     2
       Held in net/web   |       |       |       |     1 |     1 |       |       |       ||     2
       Paralysed         |       |       |       |       |     2 |       |       |       ||     2
       Confused          |       |       |       |       |       |       |     1 |       ||     1
       Distracted        |       |       |       |       |       |       |       |     1 ||     1
  Eat: Chunk             |     2 |    12 |    13 |    37 |    63 |    48 |    77 |     3 ||   255
       Royal jelly       |       |       |       |     3 |       |     1 |       |       ||     4
       Fruit             |       |       |       |     1 |    15 |     8 |       |       ||    24
       Beef jerky        |       |       |       |       |     5 |     3 |       |       ||     8
       Bread ration      |       |       |       |       |       |     8 |     2 |     3 ||    13
